 Dungeon Crawl Stone Soup version 0.32-a0-543-gefe97123c3 (webtiles) character file.

Game seed: 10930053547933220259

140 Kenran the Poker (level 5, 0/45 HPs)
             Began as a Minotaur Hedge Wizard on Feb 29, 2024.
             Slain by a ball python (1 damage)
             ... on level 3 of the Dungeon.
             The game lasted 00:04:33 (2045 turns).

Kenran the Poker (Minotaur Hedge Wizard)            Turns: 2045, Time: 00:04:34

Health: 0/45       AC:  2    Str: 14 (17) XL:     5   Next: 2%
Magic:  7/7        EV:  2    Int:  9 (11) God:
Gold:   88         SH:  0    Dex:  8 (9)  Spells: 7/8 levels left

rFire   . . .        f - +0 spear
rCold   . . .        (no shield)
rNeg    . . .        j - +0 animal skin
rPois   .            c - +0 hat
rElec   .            (no cloak)
rCorr   +            (no gloves)
SInv    .            (no boots)
Will    +....        (no amulet)
Stlth   +            g - ring of resist corrosion
HPRegen 0.27/turn    (no ring)
MPRegen 0.10/turn

%: no passive effects
@: enlightened, flying, constricted
A: horns 2, retaliatory headbutt
a: no special abilities


You were on level 3 of the Dungeon.
You visited 1 branch of the dungeon, and saw 3 of its levels.

You collected 88 gold pieces.

Inventory:

Hand Weapons
 f - a +0 spear (weapon)
Armour
 c - a +0 hat (worn)
 j - a +0 animal skin (worn)
Jewellery
 a - a ring of fire
 g - a ring of resist corrosion (left hand)
Scrolls
 h - a scroll of acquirement
Potions
 d - a potion of magic


   Skills:
 - Level 3.3 Fighting
 + Level 4.3 Polearms
 - Level 2.1 Dodging
 - Level 1.5 Stealth
 - Level 2.1 Spellcasting
 - Level 0.6 Conjurations
 - Level 0.6 Summonings
 - Level 0.6 Translocations


You had 7 spell levels left.
You knew the following spells:

 Your Spells              Type           Power      Damage    Failure   Level
a - Magic Dart            Conj           8%         1d3       26%         1

Your spell library contained the following spells:

 Spells                   Type           Power      Damage    Failure   Level
 Slow                     Hex            0%         N/A       32%         1
 Blink                    Tloc           4%         N/A       36%         2
 Call Imp                 Summ           4%         N/A       36%         2
 Lesser Beckoning         Tloc           4%         N/A       36%         2
 Cigotuvi's Dreadful Rot  Necr/Alch/Air  0%         N/A       45%         2
 Gell's Gravitas          Tloc           2%         N/A       61%         3
 Teleport Other           Tloc           2%         N/A       61%         3
 Mephitic Cloud           Conj/Alch/Air  1%         N/A       67%         3


Dungeon Overview and Level Annotations

Branches:
Dungeon (3/15)

Altars:
Ashenzari
Dithmenos
Nemelex Xobeh

Shops:
D:2 *


Innate Abilities, Weirdness & Mutations

You have a pair of horns on your head.
You reflexively headbutt those who attack you in melee.


Message History

The river rat is severely wounded.
The river rat bites you.
You closely miss the river rat.
The river rat is severely wounded.
The river rat barely misses you.
You barely miss the river rat.
The river rat is severely wounded.
The river rat bites you!
* * * LOW HITPOINT WARNING * * *
You puncture the river rat!
You kill the river rat!
The ball python closely misses you. The ball python grabs you.
The ball python constricts you.
You have reached level 5!
It was a potion of enlightenment.
You feel very buoyant.
You fly up into the air.
The ball python bites you.
* * * LOW HITPOINT WARNING * * *
The ball python constricts you.
* * * LOW HITPOINT WARNING * * *
It was a potion of degeneration.
There was something very wrong with that liquid.
You feel weakened.
You feel dopey.
You feel clumsy.
The ball python bites you but does no damage.
The ball python constricts you.
* * * LOW HITPOINT WARNING * * *
As you read the scroll labelled ABEUMILOLAU, it crumbles to dust.
It is a scroll of identify.
h - a scroll of acquirement The ball python bites you.
* * * LOW HITPOINT WARNING * * *
The ball python constricts you.
* * * LOW HITPOINT WARNING * * *
The ball python's grasp on you weakens, but your attempt to escape fails.
The ball python bites you.
* * * LOW HITPOINT WARNING * * *
The ball python constricts you.
* * * LOW HITPOINT WARNING * * *
The ball python bites you.
You die...

#.#..... #.......
# #...... # ##~
#.....⌠ #. ~~#
#..... ####. #~#
#....) ...... #r#
##....
......###S####
#....
.........@...#
##...
.....#.###### #.##
... #.### #####.#.
. #.#.#######
#.......
#.#.......#
#.#####<
#.#.#####.###....#
# #.....#
#...####.#
#####.###.#.####.#
#.......##...#


You could see a river rat and a ball python.

Vanquished Creatures
  Robin (D:2)
  4 gnolls
  An adder (D:3)
  A river rat (D:3)
  2 dart slugs
  A bat (D:1)
  4 endoplasms
  3 giant cockroaches
  13 goblins
  8 hobgoblins
  2 jackals (D:3)
  6 kobolds
  2 quokkas
  7 ball pythons
  7 frilled lizards
  5 rats (D:1)
67 creatures vanquished.

Notes
Turn   | Place    | Note
-------+----------+-------------------------------------------
     0 | D:1      | Kenran the Minotaur Hedge Wizard began the quest for the
                  | Orb.
     0 | D:1      | Reached XP level 1. HP: 14/14 MP: 2/2
    24 | D:1      | Reached skill level 1 in Fighting
   127 | D:1      | Reached XP level 2. HP: 24/24 MP: 4/4
   491 | D:1      | Reached XP level 3. HP: 30/31 MP: 5/5
   937 | D:1      | Reached skill level 1 in Polearms
  1281 | D:2      | Noticed Robin
  1309 | D:2      | Killed Robin
  1310 | D:2      | Reached skill level 2 in Polearms
  1325 | D:2      | Reached XP level 4. HP: 15/38 MP: 6/6
  1451 | D:2      | Found Tewapopi's General Store.
  1726 | D:3      | Found a shadowy altar of Dithmenos.
  1726 | D:3      | Found a sparkling altar of Nemelex Xobeh.
  1726 | D:3      | Found a broken altar of Ashenzari.
  1790 | D:2      | Reached skill level 3 in Polearms
  1974 | D:3      | Reached skill level 4 in Polearms
  2042 | D:3      | Reached XP level 5. HP: 8/45 MP: 7/7
  2044 | D:3      | Identified a scroll of acquirement
  2045 | D:3      | HP: 2/45 [ball python (2)]
  2045 | D:3      | Slain by a ball python

Illustrated notes

Levels and vault maps discovered:
D:1:      matt_arrival_grand_opening, layout_loops_cross,
          chequers_serial_rivers_large_b
D:2:      layout_basic, serial_shops, shop, uniq_robin
D:3:      minmay_skewed_foursquare, layout_basic,
          gammafunk_temple_overflow_claw,
          mainiacjoe_sewer_entry_somewhere_in_here_2, minivault_11

Skill      XL: |  1  2  3  4 |
---------------+-------------+-----
Fighting       | 2 3 |  3.3
Polearms       | 2 4 |  4.3
Dodging        | |  2.1
Stealth        | |  1.5
Spellcasting   | |  2.1
Conjurations   | |  0.6
Summonings     | |  0.6
Translocations | |  0.6

Action                     |  1- 3 |  4- 6 || total
---------------------------+-------+-------++-------
  Melee: Dagger            |    10 |       ||    10
         Headbutt          |    15 |     8 ||    23
         Club              |    22 |       ||    22
         Spear             |    77 |    50 ||   127
   Cast: Magic Dart        |     6 |       ||     6
    Use: Potion            |       |     2 ||     2
         Scroll            |       |     1 ||     1
   Stab: Sleeping          |     6 |     2 ||     8
 Armour: Robe              |    45 |     1 ||    46
         Animal skin       |       |    34 ||    34
  Dodge: Dodged            |    62 |    24 ||    86

Table legend: (Time is in decaauts)
 A = Elapsed time spent in this place.
 B = Non-inter-level travel time spent in this place.
 C = Inter-level travel time spent in this place.
 D = Time resting spent in this place.
 E = Time spent auto-exploring this place.
 F = Levels seen in this place.
 G = Mean time per level.
                   A        B        C        D        E       F      G
               +--------+--------+--------+--------+--------+-----+--------+
         Total |   2078 |   1917 |    161 |    311 |   1038 |   3 |  692.7 |
       Dungeon |   2078 |   1917 |    161 |    311 |   1038 |   3 |  692.7 |
               +--------+--------+--------+--------+--------+-----+--------+

Top non-repeatable levels by time:
     D:1: 1043 daAuts
     D:2: 844 daAuts
     D:3: 191 daAuts
